[Event "Titled Tuesday Blitz November 22 Late 2022"]
[White "Sabuk, Piotr"]
[Black "Polster, Christian"]
[WhiteFideId "1137565"]
[BlackFideId "12965081"]
[WhiteElo "2326"]
[BlackElo "2209"]
[Result "1-0"]
[Round "05"]
[TimeControl "180+1"]
[Date "2022.11.23"]
[WhiteClock "0:00:18"]
[BlackClock "0:00:08"]

1. d4 d5 2. c4 Nf6 3. cxd5 g5 4. Bxg5 Ne4 5. Bf4 e5 6. dxe5 Bb4+ 7. Nd2 Qxd5 8. Nf3 Bg4 9. a3 Ba5 10. b4 Bb6 11. Nxe4 Qxe4 12. e3 Nc6 13. Bd3 Qd5 14. Be2 O-O-O 15. Qxd5 Rxd5 16. h3 Bh5 17. Bc4 Rd7 18. e6 Re7 19. exf7 Bxf7 20. Rc1 Rd8 21. Bg5 Bxc4 22. Bxe7 Re8 23. Rxc4 Rxe7 24. O-O a5 25. b5 Na7 26. a4 Kb8 27. Rb1 Nc8 28. Kf1 Nd6 29. Rf4 Bc5 30. g4 b6 31. h4 Bb4 32. Rc1 Ne4 33. Nd4 Kb7 34. Nc6 Re8 35. Kg2 Nc5 36. Nxb4 axb4 37. Rxb4 Nd3 38. Rcc4 Nxb4 39. Rxb4 Rd8 40. Rd4 Ra8 41. g5 c5 42. bxc6+ Kxc6 43. Kf3 Kc5 44. h5 Rf8+ 45. Ke2 Rg8 46. Rg4 b5 47. axb5 Kxb5 48. g6 hxg6 49. hxg6 Kc5 50. f4 Kd5 51. Rg5+ Ke6 52. Kf3 Kf6 53. e4 Rb8 54. e5+ Ke6 55. g7 Rg8 56. Ke4 Kf7 57. f5 Rxg7 58. e6+ Kf6 59. Rxg7 Kxg7 60. Ke5 Kf8 61. f6 Ke8 62. Kd6 Kf8 63. Kd7 Kg8 64. e7 Kh7 65. f7 Kg6 66. f8=Q Kg5 67. Ke6 Kg4 68. Qg7+ Kf4 69. e8=Q Ke4 70. Kf7+ Kd5 71. Qg5+ Kd6 72. Qge5# 1-0


[Site "https://www.chess.com"]

[Event "Titled Tuesday Blitz November 22 Late 2022"]
[White "Sailer, Mike"]
[Black "Novikova, Galina"]
[WhiteFideId "2012901"]
[BlackFideId "4157095"]
[WhiteElo "2109"]
[BlackElo "1973"]
[Result "0-1"]
[Round "05"]
[TimeControl "180+1"]
[Date "2022.11.23"]
[WhiteClock "0:00:12"]
[BlackClock "0:00:27"]

1. Nf3 e6 2. g3 d5 3. Bg2 b6 4. c4 Bb7 5. O-O Nf6 6. d4 Be7 7. Nc3 O-O 8. cxd5 Nxd5 9. Nxd5 Bxd5 10. Bf4 c5 11. dxc5 Bxc5 12. a3 a5 13. Re1 Nd7 14. e4 Bb7 15. Bd6 Re8 16. Bxc5 Nxc5 17. Ne5 Qc7 18. f4 Rad8 19. Qc2 a4 20. Rac1 h6 21. Qxa4 Rd2 22. Qxe8+ Kh7 23. Qxf7 Qd6 24. Qg6+ Kg8 25. Kh1 Qd4 26. Rxc5 Qxc5 27. Qf7+ Kh7 28. Qxb7 Qf2 29. Rg1 Rxb2 30. Qf7 Re2 31. Qg6+ Kg8 32. Qxe6+ Kh7 33. Qg6+ Kg8 34. Nf7 Re1 35. Nxh6+ Kh8 36. Nf7+ Kg8 37. Nh6+ Kh8 38. Qe8+ Kh7 0-1


[Site "https://www.chess.com"]

[Event "Titled Tuesday Blitz November 22 Late 2022"]
[White "Samarth, J Rao"]
[Black "Castillo Pena, Patricia Evarista"]
[WhiteFideId "46652370"]
[BlackFideId "6412106"]
[WhiteElo "1564"]
[BlackElo "1919"]
[Result "1-0"]
[Round "05"]
[TimeControl "180+1"]
[Date "2022.11.23"]
[WhiteClock "0:00:07"]
[BlackClock "0:00:08"]

1. e4 c5 2. Nf3 d6 3. d4 cxd4 4. Nxd4 Nf6 5. Nc3 a6 6. h4 e5 7. Nb3 Be6 8. f4 exf4 9. Bxf4 d5 10. e5 Ng4 11. Nd4 h5 12. Qd2 Qb6 13. O-O-O Nc6 14. Nxc6 bxc6 15. Na4 Qb4 16. Qxb4 Bxb4 17. a3 Ba5 18. b4 Bc7 19. Re1 O-O 20. g3 Nf2 21. Rh2 Ne4 22. Bd3 Bf5 23. Bxe4 Bxe4 24. Nc5 Bf5 25. Rf2 g6 26. e6 Bxf4+ 27. Rxf4 fxe6 28. Rf2 Rfe8 29. Rfe2 Kf7 30. c3 a5 31. Nb7 axb4 32. Nd6+ Kf8 33. Nxe8 Kxe8 34. axb4 Ra1+ 35. Kb2 Ra8 36. Ra1 Rb8 37. Ra5 Rb6 38. Kc1 Kd7 39. Kd2 Kd6 40. Ke3 e5 41. Rea2 Rb7 42. Ra7 Rxa7 43. Rxa7 e4 44. Kd4 Bg4 45. Ra6 Kc7 46. Ra7+ Kb6 47. Rg7 Bf5 48. Rg8 Kb5 49. Rb8+ Ka6 50. Kc5 e3 51. Re8 Be4 52. Ra8+ Kb7 53. Ra1 e2 54. Kd4 Bf3 55. Ke3 Bg4 56. Kd2 Kb6 57. Ra5 Kc7 58. Ra7+ Kd6 59. Rg7 Ke5 60. Rxg6 Ke4 61. Rf6 d4 62. Rf4+ Kd5 63. Rxd4+ Ke5 64. Rxg4 hxg4 65. Kxe2 1-0


[Site "https://www.chess.com"]

[Event "Titled Tuesday Blitz November 22 Late 2022"]
[White "Sarana, Alexey"]
[Black "Mgeladze, Tamaz"]
[WhiteFideId "24133795"]
[BlackFideId "13601202"]
[WhiteElo "2708"]
[BlackElo "2288"]
[Result "1-0"]
[Round "05"]
[TimeControl "180+1"]
[Date "2022.11.22"]
[WhiteClock "0:00:12"]
[BlackClock "0:00:04"]

1. d4 Nf6 2. c4 g6 3. Nc3 Bg7 4. e4 O-O 5. Be2 d6 6. Be3 c5 7. d5 e6 8. Nf3 exd5 9. cxd5 Bg4 10. Nd2 Bxe2 11. Qxe2 a6 12. a4 Nbd7 13. O-O Re8 14. Bf4 Ne5 15. h3 Rc8 16. Bh2 c4 17. Bxe5 Rxe5 18. Nxc4 Re8 19. a5 Qc7 20. Ra4 Qc5 21. Nb6 Rcd8 22. Qd3 Nh5 23. g3 Nf6 24. Kg2 Nd7 25. Nxd7 Rxd7 26. Rfa1 Rc7 27. R1a3 Rec8 28. Rb3 h5 29. h4 Be5 30. f4 Bg7 31. Ne2 Qa7 32. Rab4 Rc1 33. Rxb7 Qc5 34. Nxc1 Qxc1 35. Rb8 Rxb8 36. Rxb8+ Kh7 37. Qe2 Bd4 38. Rb7 Qg1+ 39. Kh3 Qh1+ 40. Qh2 Qd1 41. Qg2 Bg1 42. Qh1 Qf1+ 43. Qg2 Qd1 44. g4 hxg4+ 45. Qxg4 Qf1+ 46. Qg2 Qd3+ 47. Kg4 Qd1+ 48. Qf3 Qe1 49. f5 g5 50. hxg5 Bh2 51. Qh3+ Kg8 52. Rb8+ 1-0


[Site "https://www.chess.com"]

[Event "Titled Tuesday Blitz November 22 Late 2022"]
[White "Shapiro, Daniel"]
[Black "Sebag, Marie"]
[WhiteFideId "2001780"]
[BlackFideId "617822"]
[WhiteElo "2300"]
[BlackElo "2440"]
[Result "0-1"]
[Round "05"]
[TimeControl "180+1"]
[Date "2022.11.23"]
[WhiteClock "0:00:01"]
[BlackClock "0:00:10"]

1. d4 Nf6 2. c4 e6 3. g3 d5 4. Nf3 Be7 5. Bg2 O-O 6. O-O c6 7. Qc2 Nbd7 8. Rd1 b6 9. Nc3 Bb7 10. e4 dxe4 11. Ng5 h6 12. Ngxe4 Nxe4 13. Bxe4 Nf6 14. Bg2 Qc8 15. Bf4 Rd8 16. Rd2 c5 17. d5 exd5 18. Nxd5 Nxd5 19. Bxd5 Bxd5 20. cxd5 Bd6 21. Bxd6 Rxd6 22. Re1 Qd7 23. Qc4 Rd8 24. Red1 Qf5 25. Kg2 Re8 26. f3 Re3 27. Rf1 h5 28. h4 Qe5 29. Kh2 Rg6 30. f4 Qf5 31. Rg2 Rd3 32. Re1 Rxd5 33. Re8+ Kh7 34. Re7 Rg4 35. Rxa7 Kg6 36. a4 Rd4 37. Qc3 f6 38. Qb3 Kh7 39. Qf7 Rdxf4 40. Ra8 Rd4 41. Qg8+ Kg6 42. Qe8+ Kh6 43. Qh8+ Qh7 44. Qxh7+ Kxh7 45. b3 Rd3 46. Rb8 Rxb3 47. a5 Rgb4 48. a6 Ra3 49. Rb7 Rxa6 50. Re2 Ra3 51. Ree7 Rg4 52. Re8 Raxg3 53. Rxb6 Rg2+ 54. Kh3 R2g3+ 55. Kh2 Rf3 56. Kh1 Rxh4+ 57. Kg2 Rff4 58. Kg3 Rhg4+ 59. Kh3 Rb4 0-1


[Site "https://www.chess.com"]

[Event "Titled Tuesday Blitz November 22 Late 2022"]
[White "Shimanov, Aleksandr"]
[Black "Fedoseev, Vladimir"]
[WhiteFideId "4198603"]
[BlackFideId "24130737"]
[WhiteElo "2605"]
[BlackElo "2726"]
[Result "1-0"]
[Round "05"]
[TimeControl "180+1"]
[Date "2022.11.22"]
[WhiteClock "0:00:05"]
[BlackClock "0:00:06"]

1. e4 c5 2. Nf3 d6 3. d4 cxd4 4. Qxd4 Nc6 5. Bb5 a6 6. Bxc6+ bxc6 7. O-O e5 8. Qa4 Bd7 9. c4 f6 10. Rd1 d5 11. Nc3 d4 12. Ne2 c5 13. Qc2 Ne7 14. Ne1 Nc6 15. Nd3 Nb4 16. Nxb4 cxb4 17. Ng3 Bc5 18. b3 O-O 19. Bd2 a5 20. Rf1 Ra6 21. Qd3 Qa8 22. f4 exf4 23. Rxf4 a4 24. Raf1 axb3 25. axb3 Re8 26. Nf5 g6 27. Nh6+ Kg7 28. Ng4 Bxg4 29. Rxg4 Rae6 30. Qh3 Bf8 31. Bh6+ Kh8 32. Bxf8 Rxf8 33. Rxg6 Qxe4 34. Rh6 Qe3+ 35. Qxe3 Rxe3 36. Rd1 Rd8 37. Rh3 Rc3 38. Rhd3 Kg7 39. Kf2 Kf7 40. Kf3 Ke6 41. g3 f5 42. Kf4 Rxd3 43. Rxd3 h6 44. h3 Kf6 45. g4 fxg4 46. hxg4 Kg6 47. Ke4 Kg5 48. Rxd4 Rf8 49. Kd5 Rf3 50. c5 Rxb3 51. c6 Rb1 52. c7 Rc1 53. Rc4 Rd1+ 54. Kc6 b3 55. c8=Q b2 56. Qf5+ Kh4 57. g5+ Kg3 58. Qg4+ Kf2 59. Qxd1 b1=Q 60. Qxb1 hxg5 61. Qd3 1-0


[Site "https://www.chess.com"]

[Event "Titled Tuesday Blitz November 22 Late 2022"]
[White "Simonovic, Miroslav"]
[Black "Arnold, Ken"]
[WhiteFideId "919152"]
[BlackFideId "2056836"]
[WhiteElo "2043"]
[BlackElo "2353"]
[Result "0-1"]
[Round "05"]
[TimeControl "180+1"]
[Date "2022.11.23"]
[WhiteClock "0:00:08"]
[BlackClock "0:00:14"]

1. d4 d5 2. Bg5 Nf6 3. Bxf6 exf6 4. e3 c6 5. a3 f5 6. c4 Be6 7. cxd5 Bxd5 8. Nc3 Be7 9. Nxd5 Qxd5 10. Ne2 O-O 11. Nc3 Qe6 12. g3 Nd7 13. Bg2 Nf6 14. O-O Rfd8 15. Qc2 Rd7 16. b4 Rad8 17. Rfc1 g6 18. Bh3 h5 19. Rd1 Kg7 20. e4 Rxd4 21. exf5 Rxd1+ 22. Rxd1 Rxd1+ 23. Qxd1 Qe5 24. Qf3 g5 25. Bf1 g4 26. Qd3 a5 27. bxa5 Bxa3 28. Ne2 Bc5 29. Nf4 Qe1 30. Qe2 Qxa5 31. h3 Qc3 32. hxg4 Qxg3+ 33. Ng2 Nxg4 34. Qb2+ Kg8 35. Bc4 Qh2+ 36. Kf1 Qh1+ 37. Ke2 Qxg2 38. Bxf7+ Kxf7 39. Qb3+ Qd5 40. Qxb7+ Be7 41. Qc8 Nf6 42. f3 Kg7 43. Qc7 Qc4+ 44. Kd1 Qc5 45. Qg3+ Kf8 46. Qg6 Qd5+ 47. Kc2 Qf7 48. Qh6+ Ke8 49. Qf4 Kd7 50. Qb8 Bd6 51. Qb7+ Bc7 52. Qa7 Nd5 53. Qd4 Qxf5+ 54. Kb3 Qxf3+ 55. Ka4 Qf4 56. Qxf4 Nxf4 57. Kb4 h4 58. Kc4 h3 59. Kd4 h2 60. Ke4 h1=Q+ 61. Kd4 Qd1+ 62. Ke4 Qd3# 0-1


[Site "https://www.chess.com"]

[Event "Titled Tuesday Blitz November 22 Late 2022"]
[White "Sokolovsky, Yahli"]
[Black "Hardaway, Brewington"]
[WhiteFideId "2820242"]
[BlackFideId "30941849"]
[WhiteElo "2316"]
[BlackElo "2159"]
[Result "1-0"]
[Round "05"]
[TimeControl "180+1"]
[Date "2022.11.23"]
[WhiteClock "0:00:08"]
[BlackClock "0:00:23"]

1. b3 Nf6 2. Bb2 e6 3. e3 Be7 4. Nf3 O-O 5. d4 d5 6. Bd3 c5 7. O-O Nc6 8. Ne5 Qb6 9. Nxc6 Qxc6 10. Nd2 b5 11. dxc5 Qxc5 12. Nf3 Bb7 13. Ne5 Rfd8 14. Qf3 Qc7 15. Qh3 Ne4 16. f3 Ng5 17. Qg4 Bf6 18. Bd4 h6 19. f4 Ne4 20. Rf3 b4 21. Rh3 Kf8 22. Rf1 Nd2 23. Rf2 Ne4 24. Rf1 Nd6 25. f5 exf5 26. Bxf5 Nxf5 27. Qxf5 Bc8 28. Qh7 Bxh3 29. Ng6+ Ke8 30. Bxf6 gxf6 31. gxh3 fxg6 32. Qxc7 Rac8 33. Qg7 Rd7 34. Qg8+ Ke7 35. Qxc8 f5 36. Qc5+ Ke6 37. Qd4 Rc7 38. Qxb4 Rxc2 39. Rf2 Rc1+ 40. Kg2 Rc6 41. Rd2 Rb6 42. Qd4 Rd6 43. Qg7 g5 44. Qxh6+ 1-0


[Site "https://www.chess.com"]

[Event "Titled Tuesday Blitz November 22 Late 2022"]
[White "Stanisz, Patryk"]
[Black "Storey, Charles H"]
[WhiteFideId "1123106"]
[BlackFideId "406686"]
[WhiteElo "2069"]
[BlackElo "2252"]
[Result "0-1"]
[Round "05"]
[TimeControl "180+1"]
[Date "2022.11.23"]
[WhiteClock "0:00:04"]
[BlackClock "0:00:37"]

1. d4 g6 2. c4 Bg7 3. Nc3 c5 4. Nf3 cxd4 5. Nxd4 Nc6 6. e3 Nh6 7. Be2 d6 8. O-O O-O 9. Bf3 Bd7 10. Rb1 Nf5 11. Nde2 Nh4 12. Bxc6 Bxc6 13. f3 Nf5 14. e4 Qb6+ 15. Rf2 Nd4 16. Kf1 Nxe2 17. Nxe2 Qa6 18. Qb3 Ba4 19. Qa3 Bc2 20. Qxa6 bxa6 21. Ra1 Bd3 22. Ke1 Bxc4 23. Nc3 Rab8 24. Be3 Rxb2 25. Rxb2 Bxc3+ 26. Rd2 Bxa1 27. Kf2 Rb8 28. Rc2 Rb2 29. Rxb2 Bxb2 30. Bxa7 Bxa2 31. Ke3 Bc4 32. Kd2 Be5 33. g3 g5 34. Be3 h6 35. f4 Bf6 36. Bb6 e5 37. f5 g4 38. Bc7 d5 39. exd5 Bxd5 40. Ba5 Be4 41. Ke3 Bxf5 42. Kf2 h5 43. Ke3 Bg5+ 44. Kf2 Be6 45. Kg2 f5 46. h4 Be3 47. Bc7 f4 48. gxf4 exf4 49. Kf1 f3 50. Ke1 Bb3 51. Kf1 Bc4+ 52. Ke1 f2+ 53. Kd1 f1=Q+ 54. Kc2 Qd3+ 55. Kb2 Qb3+ 56. Ka1 Bd4# 0-1


[Site "https://www.chess.com"]

[Event "Titled Tuesday Blitz November 22 Late 2022"]
[White "Steinberg, Nitzan"]
[Black "Filgueira, Hernan"]
[WhiteFideId "2801795"]
[BlackFideId "101770"]
[WhiteElo "2491"]
[BlackElo "2363"]
[Result "1-0"]
[Round "05"]
[TimeControl "180+1"]
[Date "2022.11.23"]
[WhiteClock "0:01:52"]
[BlackClock "0:00:09"]

1. Nf3 d5 2. g3 c6 3. Bg2 Bg4 4. O-O Nd7 5. h3 Bh5 6. d3 e6 7. c4 Ngf6 8. b3 Be7 9. Bb2 O-O 10. Nbd2 Re8 11. g4 Bg6 12. Nh4 Bc5 13. Nxg6 hxg6 14. e3 Qe7 15. d4 Ba3 16. Bc3 Bb4 17. Bb2 Ba3 18. Qc2 Bxb2 19. Qxb2 g5 20. Rac1 a5 21. a3 Nf8 22. Nf3 Ne4 23. Ne5 Nf6 24. b4 axb4 25. axb4 Ra4 26. b5 Rb4 27. Qa3 cxb5 28. c5 Ra4 29. Qb3 Rea8 30. Qxb5 R4a5 31. Qe2 N6d7 32. Nd3 Nb8 33. Rb1 Nc6 34. Rb2 R8a7 35. Rfb1 Ng6 36. Nb4 Nh4 37. Bh1 g6 38. Qd2 Kg7 39. e4 Ra1 40. exd5 Rxb1+ 41. Rxb1 exd5 42. Nxd5 Qd7 43. Qxg5 Nxd4 44. Qf6+ Kh7 45. Qxh4+ Kg7 46. Qf6+ 1-0


[Site "https://www.chess.com"]

[Event "Titled Tuesday Blitz November 22 Late 2022"]
[White "Suarez Uriel, Adrian"]
[Black "Principe, Gerson"]
[WhiteFideId "22230874"]
[BlackFideId "3804550"]
[WhiteElo "2331"]
[BlackElo "2280"]
[Result "0-1"]
[Round "05"]
[TimeControl "180+1"]
[Date "2022.11.23"]
[WhiteClock "0:00:17"]
[BlackClock "0:00:10"]

1. d4 Nf6 2. c4 e6 3. Nf3 b6 4. g3 Bb7 5. Bg2 Be7 6. O-O O-O 7. b3 a5 8. Nc3 Ne4 9. Bb2 f5 10. Qc2 Nxc3 11. Bxc3 Be4 12. Qb2 d6 13. Rad1 Nd7 14. Ne1 Bxg2 15. Nxg2 Bf6 16. Rfe1 e5 17. dxe5 Bxe5 18. e4 fxe4 19. Rxe4 Qf6 20. Bxe5 Nxe5 21. Qe2 Nf3+ 22. Kh1 g5 23. Ne3 Ne5 24. Nd5 Qg7 25. f4 Nc6 26. Ne7+ Nxe7 27. Rxe7 Qf6 28. Re1 gxf4 29. Qg4+ Kh8 30. Qh3 Rf7 31. Re8+ Rxe8 32. Rxe8+ Kg7 33. Qg4+ Qg6 34. Qxg6+ Kxg6 35. g4 Kg5 36. h3 Kh4 37. Kg2 f3+ 38. Kf2 Kxh3 39. Rg8 Kh4 40. g5 Kh5 41. g6 hxg6 42. Rh8+ Kg4 43. Rg8 g5 44. Re8 Kf4 45. Rg8 g4 46. Rg6 Rf5 47. Rg8 Rg5 48. Rf8+ Ke4 49. Re8+ Kd4 50. Kg3 Rf5 51. Kf2 g3+ 52. Kxg3 f2 0-1


[Site "https://www.chess.com"]

[Event "Titled Tuesday Blitz November 22 Late 2022"]
[White "Suder, Jakub"]
[Black "Gareyev, Timur"]
[WhiteFideId "1195310"]
[BlackFideId "14200937"]
[WhiteElo "2243"]
[BlackElo "2552"]
[Result "0-1"]
[Round "05"]
[TimeControl "180+1"]
[Date "2022.11.22"]
[WhiteClock "0:00:02"]
[BlackClock "0:00:13"]

1. d4 d6 2. c4 e5 3. d5 Nf6 4. Nc3 Bf5 5. g3 h5 6. h4 Nbd7 7. Bh3 Bg6 8. Nf3 Be7 9. Ng5 Nc5 10. f3 c6 11. e4 Qb6 12. Qe2 O-O 13. Be3 Qxb2 14. Qxb2 Nd3+ 15. Kd2 Nxb2 16. Bf1 cxd5 17. cxd5 Rfc8 18. Rb1 Nc4+ 19. Bxc4 Rxc4 20. Rxb7 Bd8 21. Nb5 Ba5+ 22. Kd3 Ra4 23. Nxd6 Nxd5 24. Bc5 Bb6 25. Rb1 Rd8 26. Ngxf7 Bxf7 27. Nxf7 Nf4+ 28. Kc2 Rc8 29. Kb3 Ra5 30. Bxb6 Rb5+ 31. Ka4 Rxb1 0-1


[Site "https://www.chess.com"]

[Event "Titled Tuesday Blitz November 22 Late 2022"]
[White "Svane, Rasmus"]
[Black "Fernandez Guillen, Ernesto J."]
[WhiteFideId "4657101"]
[BlackFideId "3512428"]
[WhiteElo "2674"]
[BlackElo "2450"]
[Result "1-0"]
[Round "05"]
[TimeControl "180+1"]
[Date "2022.11.22"]
[WhiteClock "0:00:08"]
[BlackClock "0:00:03"]

1. Nf3 Nf6 2. g3 g6 3. Bg2 Bg7 4. O-O O-O 5. d4 d5 6. c4 c6 7. Qb3 dxc4 8. Qxc4 Nbd7 9. Qc2 Nb6 10. e4 h6 11. Nc3 Bg4 12. Be3 Nc4 13. Rad1 Nxe3 14. fxe3 Qb6 15. h3 Bxf3 16. Rxf3 Rad8 17. e5 Nd5 18. e6 f5 19. Kh1 Nxc3 20. bxc3 c5 21. d5 Qa5 22. c4 Qc3 23. Qe2 Qe5 24. a4 b6 25. Rdf1 Bf6 26. Qd3 Kg7 27. g4 fxg4 28. hxg4 Qxe6 29. Rf4 Qe5 30. Be4 Qg5 31. R1f3 Be5 32. Rxf8 Rxf8 33. Rxf8 Kxf8 34. Bxg6 Qh4+ 35. Kg2 Qxg4+ 36. Kf1 Qf3+ 37. Ke1 Bg3+ 38. Kd2 Qf2+ 39. Qe2 Kg7 40. Qxf2 Bxf2 41. Bh5 Kf6 42. Ke2 Bg3 43. Kf3 Bh2 44. Bg4 Kg5 45. Bd7 h5 46. Ke4 Bd6 47. Be6 Kh4 48. Kf3 Kg5 49. Ke4 Bg3 50. Bd7 Bh2 51. Be6 Kh4 52. Kf3 Kg5 53. Ke4 Bg1 54. Bd7 Kf6 55. Be6 h4 56. Bd7 Bh2 57. Be6 Bd6 58. Bd7 Kf7 59. Kf3 Bg3 60. Ke4 Kf8 61. Kf3 Bd6 62. Ke4 Kg7 63. Kf3 Kf6 64. Ke4 e5 65. Be6 Kg5 66. Bd7 Kf6 67. Be6 Kg5 68. Bc8 Kf6 69. Kf3 Bf8 70. Kg4 Bh6 71. e4 Ke7 72. Kxh4 Kd6 73. Ba6 Bd2 74. Kg4 Ba5 75. Kf5 Bc3 76. Kf6 Kd7 77. Kf7 Kd8 78. Ke6 Bd4 79. Kd6 Bc3 80. Kc6 Ba5 81. Bb5 Bb4 82. Ba6 Ba5 83. Kb7 Kd7 84. Bb5+ Kd6 85. Kxa7 Kc7 86. Ba6 Bb4 87. d6+ Kxd6 88. Kxb6 Bc3 89. Bb7 1-0


[Site "https://www.chess.com"]

[Event "Titled Tuesday Blitz November 22 Late 2022"]
[White "Swiercz, Dariusz"]
[Black "Papasimakopoulos, Alexandros"]
[WhiteFideId "1126881"]
[BlackFideId "4244125"]
[WhiteElo "2627"]
[BlackElo "2365"]
[Result "1/2-1/2"]
[Round "05"]
[TimeControl "180+1"]
[Date "2022.11.22"]
[WhiteClock "0:00:08"]
[BlackClock "0:00:04"]

1. e4 e6 2. d4 d5 3. Nc3 Bb4 4. exd5 exd5 5. Bd3 Nc6 6. Ne2 Nge7 7. O-O Bf5 8. Bf4 O-O 9. Re1 Bxc3 10. bxc3 Qd7 11. Ng3 Bg6 12. Rb1 b6 13. Bb5 Rfe8 14. h4 h6 15. h5 Bh7 16. Bd3 Na5 17. Qf3 Nc4 18. Re2 Nc6 19. Rbe1 Rxe2 20. Qxe2 Bxd3 21. cxd3 Nd6 22. Bxd6 Qxd6 23. Qg4 Ne7 24. Re3 c5 25. dxc5 bxc5 26. Qe2 Kf8 27. d4 cxd4 28. cxd4 Rb8 29. Qc2 Qf4 30. Qc5 Qf6 31. Re1 Rb2 32. Re2 Rxe2 33. Nxe2 Qb6 34. Qc2 Qb5 35. Nf4 Qc6 36. Qb1 Qc7 37. g3 Qb6 38. Qa1 Qb4 39. Qc1 Qxd4 40. Qc7 Qb6 41. Qc2 Qd8 42. Qh7 Ng8 43. Qf5 Nf6 44. Qd3 Kg8 45. Qa3 Qf8 46. Qxa7 Qd6 47. Qd4 Qa6 48. a4 Qa5 49. Kg2 Qa8 50. Kg1 Qa5 51. Kg2 Qa6 52. Qb4 Qa8 53. Qb5 d4+ 54. Kg1 Qd8 55. a5 Ne4 56. a6 Nc3 57. Qb7 d3 58. a7 d2 59. a8=Q d1=Q+ 60. Kg2 Qxa8 61. Qxa8+ Kh7 62. Qf3 Qxf3+ 63. Kxf3 Nb5 64. Nd3 Nd4+ 65. Ke4 Ne6 66. Ne5 Kg8 67. f4 Kf8 68. Kd5 Ke7 69. g4 Nxf4+ 70. Ke4 Ne6 71. Kf5 Nd4+ 72. Ke4 Nb5 73. Nc6+ Kd6 74. Nd8 Ke7 75. Nc6+ Kd7 76. Ne5+ Ke6 77. Nc6 Nd6+ 78. Kf4 Nb5 79. Ke4 Nc7 80. Kf4 Kf6 81. Ke4 Ne6 82. Ne5 Nc5+ 83. Kf4 Nb7 84. Nd7+ Ke7 85. Nb6 Nd6 86. Ke5 Nb5 87. Nd5+ Kf8 88. Ne3 Nc7 89. Nf5 Ne8 90. Ne3 Nf6 91. Kf5 Nh7 92. Nd5 Ng5 93. Ke5 Ke8 94. Ne3 Ke7 95. Nd5+ Kf8 96. Ne3 Nf3+ 97. Kf4 Nd4 98. Ke5 Ne6 99. Nd5 Ng5 100. Ne3 Ke7 101. Nd5+ Kd7 102. Ne3 Ne6 103. Nf5 Ke8 104. Nd6+ Kf8 105. Nf5 Nc7 106. Nd4 g6 107. hxg6 fxg6 108. Kf6 h5 109. g5 h4 110. Nf3 h3 111. Kxg6 Ne6 112. Kh6 Nxg5 113. Kxg5 h2 114. Nxh2 1/2-1/2


[Site "https://www.chess.com"]

[Event "Titled Tuesday Blitz November 22 Late 2022"]
[White "Sztokbant, Bernardo Vainzoff"]
[Black "Gurevich, Dmitry"]
[WhiteFideId "2115956"]
[BlackFideId "2000407"]
[WhiteElo "2228"]
[BlackElo "2506"]
[Result "0-1"]
[Round "05"]
[TimeControl "180+1"]
[Date "2022.11.23"]
[WhiteClock "0:01:26"]
[BlackClock "0:00:42"]

1. d4 Nf6 2. Nf3 e6 3. c4 a6 4. g3 c5 5. Bg2 cxd4 6. Nxd4 Qc7 7. Nd2 Bc5 8. e3 O-O 9. O-O d5 10. Qe2 Nc6 11. Nxc6 bxc6 12. b3 e5 13. Bb2 Bg4 14. f3 Be6 15. cxd5 cxd5 16. Rac1 Qa7 17. Kh1 Nd7 18. e4 d4 19. f4 f6 20. Nc4 Rac8 21. Qd2 Qb7 22. fxe5 fxe5 23. Qg5 h6 24. Rxf8+ Rxf8 25. Qg6 Bf7 26. Nd6 Qb6 27. Rxc5 Bxg6 28. Rd5 0-1


[Site "https://www.chess.com"]

[Event "Titled Tuesday Blitz November 22 Late 2022"]
[White "Tang, Andrew"]
[Black "Caruana, Fabiano"]
[WhiteFideId "2059630"]
[BlackFideId "2020009"]
[WhiteElo "2581"]
[BlackElo "2847"]
[Result "0-1"]
[Round "05"]
[TimeControl "180+1"]
[Date "2022.11.22"]
[WhiteClock "0:00:02"]
[BlackClock "0:00:04"]

1. d4 Nf6 2. c4 e6 3. Nc3 Bb4 4. Qc2 O-O 5. Nf3 d6 6. g3 Nc6 7. Bg2 e5 8. d5 Nb8 9. O-O a5 10. Na4 Nbd7 11. Be3 Re8 12. a3 Bc5 13. Nxc5 Nxc5 14. b4 Na6 15. Qb2 Bf5 16. Rfd1 Qd7 17. b5 Nc5 18. Bxc5 dxc5 19. Nxe5 Qe7 20. Nd3 Qd6 21. e3 b6 22. Rac1 h5 23. Qd2 h4 24. Nf4 g5 25. Ne2 Bg6 26. f3 Nd7 27. e4 Qf6 28. Qc3 Qxc3 29. Rxc3 Rad8 30. Kf2 hxg3+ 31. hxg3 Kg7 32. Re1 Nf6 33. Re3 Nd7 34. f4 Nf6 35. Nc3 Ng4+ 36. Kf3 Bh5 37. Bh3 Nxe3+ 38. Kxe3 Rh8 39. Bg2 Bg4 40. Kf2 Rh2 41. Kg1 Rh6 42. e5 gxf4 43. gxf4 Rg6 44. Kf2 Rh8 45. Rh1 Rxh1 46. Bxh1 Bf5 47. Be4 Bxe4 48. Nxe4 Kf8 49. Ng3 Rh6 50. Kg2 Rh4 51. Kf3 Rh2 52. Nf5 Ra2 53. d6 cxd6 54. Nxd6 Rxa3+ 55. Ke4 Rc3 56. Nc8 Rxc4+ 57. Kd5 Rd4+ 58. Kc6 c4 59. Nxb6 c3 60. Kc5 Rd1 0-1


[Site "https://www.chess.com"]

[Event "Titled Tuesday Blitz November 22 Late 2022"]
[White "Tomaszewski, Kacper"]
[Black "Doluhanova, Evgeniya"]
[WhiteFideId "1127373"]
[BlackFideId "14112035"]
[WhiteElo "2211"]
[BlackElo "2164"]
[Result "1-0"]
[Round "05"]
[TimeControl "180+1"]
[Date "2022.11.23"]
[WhiteClock "0:00:29"]
[BlackClock "0:00:14"]

1. e4 c5 2. Nf3 d6 3. c3 Nf6 4. g3 Nc6 5. d3 g6 6. Bg2 Bg7 7. O-O O-O 8. Nbd2 Bd7 9. Re1 Ne8 10. a3 Nc7 11. Qc2 b5 12. Rb1 Rb8 13. b4 Ne6 14. Nb3 c4 15. dxc4 bxc4 16. Nbd2 Rc8 17. Nxc4 Nb8 18. Nfd2 Bb5 19. Bf1 Nd7 20. a4 Bxc4 21. Nxc4 Nb6 22. Nxb6 Rxc3 23. Qa2 Qxb6 24. Bb2 Rc2 25. Re2 Rxe2 26. Bxe2 Bxb2 27. Qxb2 Nd4 28. Bf1 Nf3+ 29. Kg2 Ng5 30. Bd3 Rc8 31. h4 Ne6 32. a5 Qd4 33. Qxd4 Nxd4 34. b5 e5 35. b6 axb6 36. Rxb6 Rc7 37. Rxd6 Nc6 38. a6 Na7 39. Rb6 Kf8 40. Rb7 Rxb7 41. axb7 Nc6 42. Bb5 Nb8 43. f4 f6 44. Kf3 Ke7 45. Kg4 h6 46. h5 f5+ 47. exf5 gxh5+ 48. Kxh5 e4 49. Kg6 e3 50. Kg7 Kd6 51. f6 Kc7 52. f7 1-0


[Site "https://www.chess.com"]

[Event "Titled Tuesday Blitz November 22 Late 2022"]
[White "Toncheva, Nadya"]
[Black "Figorito, Nick"]
[WhiteFideId "2924056"]
[BlackFideId "30923689"]
[WhiteElo "2101"]
[BlackElo "2292"]
[Result "1/2-1/2"]
[Round "05"]
[TimeControl "180+1"]
[Date "2022.11.23"]
[WhiteClock "0:00:06"]
[BlackClock "0:00:11"]

1. e4 e6 2. d4 d5 3. Nd2 Nf6 4. e5 Nfd7 5. Bd3 c5 6. c3 Nc6 7. Ne2 cxd4 8. cxd4 f6 9. Nf4 Nxd4 10. Qh5+ Ke7 11. Ng6+ hxg6 12. exf6+ Kxf6 13. Qxh8 Kf7 14. O-O Ne5 15. Qh3 Nxd3 16. Qxd3 e5 17. Nb3 Bf5 18. Qd1 Bc2 19. Qe1 Bxb3 20. Qxe5 Nc2 21. Bg5 Be7 22. Bxe7 Qxe7 23. Qf4+ Kg8 24. axb3 Nxa1 25. Rxa1 Qf6 26. Qd2 d4 27. Rd1 Rd8 28. Qd3 Qc6 29. h3 Qd5 30. Qc4 Qxc4 31. bxc4 a5 32. Rd3 a4 33. Kf1 Kf7 34. Ke2 Ke6 35. Kd2 Ke5 36. Rg3 Rd6 37. Kd3 Rb6 38. Rg5+ Kf6 39. Rd5 Rxb2 40. Kxd4 Rxf2 41. Rb5 Rxg2 42. Rxb7 a3 43. Rb6+ Kf7 44. Ra6 a2 45. c5 Rc2 46. Kd5 Kg8 47. c6 Kh7 48. Kd6 Kh6 49. c7 Kh5 50. Kd7 Kh4 51. Ra3 g5 52. c8=Q Rxc8 53. Kxc8 a1=Q 54. Rxa1 Kxh3 55. Kd7 g4 56. Ke6 g3 57. Kf5 g2 58. Kf4 Kh2 59. Ra2 Kh1 60. Rxg2 Kxg2 61. Kg5 Kf3 62. Kg6 Kf4 63. Kxg7 1/2-1/2


[Site "https://www.chess.com"]

[Event "Titled Tuesday Blitz November 22 Late 2022"]
[White "Torres Boch, Jose Francisco"]
[Black "Cannon, David"]
[WhiteFideId "2278383"]
[BlackFideId "3213110"]
[WhiteElo "2073"]
[BlackElo "2013"]
[Result "1-0"]
[Round "05"]
[TimeControl "180+1"]
[Date "2022.11.23"]
[WhiteClock "0:01:43"]
[BlackClock "0:00:32"]

1. e4 c5 2. Nf3 e6 3. d4 cxd4 4. Nxd4 Nf6 5. Nc3 d6 6. Be2 Be7 7. Be3 O-O 8. g4 Nc6 9. g5 Nd7 10. h4 Re8 11. g6 hxg6 12. h5 g5 13. Nxc6 bxc6 14. Qd2 Ne5 15. f4 gxf4 16. Bxf4 Bf6 17. O-O-O d5 18. Rdg1 d4 19. Na4 Nd7 20. Bc4 Nb6 21. Nxb6 axb6 22. e5 Be7 23. Qg2 Bf8 24. Bg5 Qc7 25. Bf6 1-0


[Site "https://www.chess.com"]